High Goats vs Princes
(R1)
Created - 2 décembre 2012 at 19:02
Goals
|
| High Goats |
2 |
1 |
1 |
0 |
2 |
4 |
| Princes |
1 |
2 |
1 |
0 |
3 |
5 |
|
Shots
|
| High Goats |
9 |
11 |
6 |
3 |
3 |
29 |
| Princes |
21 |
6 |
10 |
1 |
3 |
38 |
|
1st period
1. High Goats , Gilbert Brule 2 (Brad Larsen, Chris Stewart) at 4:42
2. High Goats , Craig Weller 6 (Gilbert Brule) at 9:46 (SH)
3. Princes , Alexander Korolyuk 2 (Brian McGrattan, Manny Legace) at 10:20 (PP)
Penalties :
Gilbert Brule (Buc) for Hooking (Minor) at 2:24, Nate Prosser (Cal) for Cross-checking (Minor) at 4:54, Nick Bonino (Buc) for Slashing (Minor) at 9:37, Nick Bonino (Buc) for Diving (Minor) at 13:45, Alexander Korolyuk (Cal) for Holding (Minor) at 19:45, Jiri Tlusty (Buc) for Tripping (Minor) at 19:45
2nd period
4. Princes , John Madden 2 (Michael Haley) at 8:53
5. Princes , Steve Downie 3 (Rich Peverley) at 19:00 (PP)
6. High Goats , Jiri Tlusty 1 (David Laliberté, Anton Stralman) at 19:57
Penalties :
Arturs Kulda (Buc) for Holding (Minor) at 1:49, Anton Stralman (Buc) for Roughing (Minor) at 4:50, Steve Downie (Cal) for Roughing (Minor) at 9:18, Anton Stralman (Buc) for High sticking (Minor) at 12:54, Brian McGrattan (Cal) for Holding (Minor) at 15:42, John Erskine (Buc) for Interference (Minor) at 18:58
3rd period
7. High Goats , Mason Raymond 5 (Gord Baldwin) at 3:19
8. Princes , Alexander Korolyuk 3 (Steve Downie, Michael Nylander) at 4:02
Penalties :
Anton Stralman (Buc) for Hooking (Minor) at 4:29, Michael Haley (Cal) for Hooking (Minor) at 7:00, Jesse Winchester (Cal) for Holding (Minor) at 9:30, Nick Bonino (Buc) for High sticking (Minor) at 16:03
Overtime #1
No Goal
Penalties :
No Penalty
Shootout
Penalty Shot by Gilbert Brule for High Goats - Goal!
Penalty Shot by Michael Nylander for Princes - Goal!
Penalty Shot by Craig Weller for High Goats - Goal!
Penalty Shot by Curtis Glencross for Princes - Goal!
Penalty Shot by Chris Stewart for High Goats - Stopped by Manny Legace
Penalty Shot by Alexander Korolyuk for Princes - Goal!
Penalties :
No Penalty
Goalie Stats
Jean-Sébastien Aubin (Buc), 34 saves from 38 shots - (0,895), OTL, 1-1-1, 65:00 minutes
Manny Legace (Cal), 25 saves from 29 shots - (0,862), W, 3-2-0, 65:00 minutes
Players Stats for High Goats
Player Name G A P +/- PIM S H SB GA TA FO MP PP MP PK MP
------------------------------------------------------------------------------------
Anton Stralman 0 1 1 1 6 2 1 0 2 3 0/0 19:23 4:21 3:13
Arturs Kulda 0 0 0 0 2 0 0 0 0 0 0/0 4:54 0:00 0:52
Brad Larsen 0 1 1 1 0 0 1 1 0 1 1/1 23:05 4:54 6:04
Brandon Bollig 0 0 0 0 0 0 0 0 0 0 0/0 0:00 0:00 0:00
Brendon Segal 0 0 0 0 0 1 0 0 1 0 0/0 10:43 0:15 0:00
Chris Stewart 0 1 1 0 0 4 1 0 0 1 3/4 19:52 4:46 4:51
Craig Weller 1 0 1 1 0 2 3 2 0 0 2/7 26:18 5:02 8:02
David Laliberté 0 1 1 1 0 2 0 0 0 0 1/1 9:11 0:03 2:23
Frederic St-Denis 0 0 0 0 0 0 1 0 0 0 0/0 3:28 0:00 0:00
Gilbert Brule 1 1 2 2 2 4 0 0 0 2 15/34 25:31 4:54 7:03
Gord Baldwin 0 1 1 2 0 1 0 0 0 1 0/0 8:16 0:00 0:00
Ivan Vishnevski 0 0 0 0 0 0 0 0 0 0 0/0 0:00 0:00 0:00
Jason Ryznar 0 0 0 0 0 0 0 0 0 0 0/0 11:49 0:19 0:32
Jiri Tlusty 1 0 1 1 2 2 0 0 0 0 0/0 5:43 0:00 0:00
Joël Perrault 0 0 0 -1 0 0 1 0 0 0 3/12 13:18 4:46 0:21
John Erskine 0 0 0 1 2 1 2 1 0 0 0/0 22:27 4:21 6:12
John McCarthy 0 0 0 0 0 0 0 0 0 0 0/0 0:00 0:00 0:00
Lukas Krajicek 0 0 0 -1 0 5 2 4 3 1 0/0 30:48 5:34 8:26
Mason Raymond 1 0 1 -1 0 2 2 1 0 0 0/1 12:53 4:46 0:00
Matt Frattin 0 0 0 0 0 0 0 0 0 0 0/0 0:00 0:00 0:00
Matt Taormina 0 0 0 2 0 0 0 0 0 1 0/0 10:23 0:00 2:07
Nick Bonino 0 0 0 0 6 1 1 0 0 0 7/11 8:40 0:00 0:00
Petteri Wirtanen 0 0 0 1 0 1 1 0 0 0 1/2 5:43 0:00 0:00
Sami Lepisto 0 0 0 -1 0 1 3 2 1 0 0/0 30:48 5:34 8:26
Thomas Hickey 0 0 0 0 0 0 0 0 0 0 0/0 0:00 0:00 0:00
Players Stats for Princes
Player Name G A P +/- PIM S H SB GA TA FO MP PP MP PK MP
------------------------------------------------------------------------------------
Alexander Korolyuk 2 0 2 1 2 5 1 0 0 2 0/0 14:25 6:02 1:33
Anthony Peluso 0 0 0 0 0 0 0 0 0 0 0/0 5:02 0:00 0:00
Brian McGrattan 0 1 1 -2 2 3 1 0 1 0 0/0 18:50 6:02 0:00
Chris Thorburn 0 0 0 0 0 0 2 0 1 0 0/0 10:00 0:05 0:00
Curtis Glencross 0 0 0 -3 0 7 4 0 1 0 0/1 27:14 8:28 5:19
Jason Strudwick 0 0 0 -1 0 0 0 2 0 1 0/0 14:55 0:00 3:58
Jesse Winchester 0 0 0 0 2 1 5 0 0 0 3/8 10:48 0:11 0:21
John Madden 1 0 1 0 0 3 0 0 0 0 2/4 10:40 0:08 3:03
Kevin Shattenkirk 0 0 0 -2 0 1 1 2 0 0 0/0 16:28 8:45 0:00
Michael Haley 0 1 1 0 2 0 1 0 0 0 1/1 5:02 0:00 0:00
Michael Nylander 0 1 1 1 0 2 1 0 1 0 10/20 21:54 6:02 5:19
Nate Prosser 0 0 0 -1 2 2 3 0 0 0 0/0 21:05 5:44 0:00
Noah Welch 0 0 0 0 0 2 1 3 0 1 0/0 26:10 0:09 5:57
P.J. Axelsson 0 0 0 0 0 1 1 0 0 1 0/0 12:45 0:00 3:03
Rich Peverley 0 1 1 -3 0 5 1 1 3 1 23/36 21:21 8:28 0:00
Rostislav Klesla 0 0 0 0 0 4 2 0 2 1 0/0 25:01 8:54 3:58
Sean Zimmerman 0 0 0 0 0 0 1 2 0 0 0/0 26:21 5:44 5:57
Steve Downie 1 1 2 0 2 2 3 1 1 0 1/3 19:59 8:28 1:12
3 Stars
1 - Alexander Korolyuk (Cal)
2 - Craig Weller (Buc)
3 - Gilbert Brule (Buc)
Power Play
High Goats - 0 on 5 Attempt(s) - 0,00%
Princes - 2 on 9 Attempt(s) - 22,22%
Penalty Kill
High Goats - 7 on 9 Attempt(s) - 77,78%
- Score 1 goal in Penalty Kill
Princes - 5 on 5 Attempt(s) - 100,00%
- Score 0 goal in Penalty Kill
Official
Referees : Charron Francis and Devorski Paul
Linesman : Jonny Murray and Darren Gibbs
Game Notes
No Game Note
High Goats
5 vs 5 Forward
Center Left Wing Right Wing Time % Phy DF OF
1 Gilbert Brule Brad Larsen Craig Weller 40 1 2 2
2 Joël Perrault Mason Raymond Chris Stewart 30 1 2 2
3 Nick Bonino Jason Ryznar Brendon Segal 20 1 2 2
4 Petteri Wirtanen Jiri Tlusty David Laliberté 10 1 2 2
5 vs 5 Defense
Defense Defense Time % Phy DF OF
1 Lukas Krajicek Sami Lepisto 40 1 2 2
2 Anton Stralman John Erskine 30 1 2 2
3 Gord Baldwin Matt Taormina 20 1 2 2
4 Arturs Kulda Frederic St-Denis 10 1 2 2
PowerPlay Forward
Center Left Wing Right Wing Time % Phy DF OF
1 Gilbert Brule Brad Larsen Craig Weller 60 1 2 2
2 Joël Perrault Mason Raymond Chris Stewart 40 1 2 2
PowerPlay Defense
Defense Defense Time % Phy DF OF
1 Lukas Krajicek Sami Lepisto 60 1 2 2
2 Anton Stralman John Erskine 40 1 2 2
Penalty Kill 4 Players Forward
Center Wing Time % Phy DF OF
1 Gilbert Brule Craig Weller 60 1 2 2
2 Chris Stewart Brad Larsen 40 1 2 2
Penalty Kill 4 Players Defense
Defense Defense Time % Phy DF OF
1 Lukas Krajicek Sami Lepisto 60 1 2 2
2 Anton Stralman John Erskine 40 1 2 2
Penalty Kill - 3 Players Forward
Forward Time % Phy DF OF
1 Gilbert Brule 60 1 2 2
2 Craig Weller 40 1 2 2
Penalty Kill - 3 Players Defense
Defense Defense Time % Phy DF OF
1 Lukas Krajicek Sami Lepisto 60 1 2 2
2 Anton Stralman John Erskine 40 1 2 2
4 vs 4 Forward
Center Wing Time % Phy DF OF
1 Gilbert Brule Craig Weller 60 1 2 2
2 Chris Stewart Brad Larsen 40 1 2 2
4 vs 4 Defense
Defense Defense Time % Phy DF OF
1 Lukas Krajicek Sami Lepisto 60 1 2 2
2 Anton Stralman John Erskine 40 1 2 2
Last Minutes Offensive
Center Left Wing Right Wing Defense Defense
Gilbert Brule Brad Larsen Craig Weller Lukas Krajicek Sami Lepisto
Last Minutes Defensive
Center Left Wing Right Wing Defense Defense
Gilbert Brule Brad Larsen Craig Weller Lukas Krajicek Sami Lepisto
Goaltenders
Starting : Jean-Sébastien Aubin
Backup : Al Montoya
Extra Forwards
Normal : Jason Ryznar, Brendon Segal, David Laliberté - PP : Jason Ryznar, Brendon Segal - PK : David Laliberté
Extra Defensemen
Normal : Gord Baldwin, Matt Taormina, Arturs Kulda - PP : Gord Baldwin - PK : Matt Taormina, Arturs Kulda
Penalty Shots
Gilbert Brule, Craig Weller, Chris Stewart, Brad Larsen, Mason Raymond
Princes
5 vs 5 Forward
Center Left Wing Right Wing Time % Phy DF OF
1 Rich Peverley Curtis Glencross Brian McGrattan 45 1 2 2
2 Michael Nylander Alexander Korolyuk Steve Downie 30 1 2 2
3 Jesse Winchester P.J. Axelsson Chris Thorburn 20 1 2 2
4 John Madden Michael Haley Anthony Peluso 5 1 3 1
5 vs 5 Defense
Defense Defense Time % Phy DF OF
1 Noah Welch Nate Prosser 45 0 3 2
2 Rostislav Klesla Sean Zimmerman 30 0 3 2
3 Jason Strudwick Kevin Shattenkirk 20 0 3 2
4 Jason Strudwick Kevin Shattenkirk 5 0 3 2
PowerPlay Forward
Center Left Wing Right Wing Time % Phy DF OF
1 Rich Peverley Curtis Glencross Steve Downie 60 0 1 4
2 Michael Nylander Alexander Korolyuk Brian McGrattan 40 0 1 4
PowerPlay Defense
Defense Defense Time % Phy DF OF
1 Rostislav Klesla Kevin Shattenkirk 60 0 2 3
2 Nate Prosser Sean Zimmerman 40 0 2 3
Penalty Kill 4 Players Forward
Center Wing Time % Phy DF OF
1 Michael Nylander Curtis Glencross 60 1 3 1
2 John Madden P.J. Axelsson 40 1 3 1
Penalty Kill 4 Players Defense
Defense Defense Time % Phy DF OF
1 Noah Welch Sean Zimmerman 60 1 3 1
2 Rostislav Klesla Jason Strudwick 40 1 3 1
Penalty Kill - 3 Players Forward
Forward Time % Phy DF OF
1 Michael Nylander 60 1 3 1
2 John Madden 40 1 3 1
Penalty Kill - 3 Players Defense
Defense Defense Time % Phy DF OF
1 Noah Welch Sean Zimmerman 60 1 3 1
2 Rostislav Klesla Jason Strudwick 40 1 3 1
4 vs 4 Forward
Center Wing Time % Phy DF OF
1 Michael Nylander Steve Downie 60 1 2 2
2 Rich Peverley Curtis Glencross 40 1 2 2
4 vs 4 Defense
Defense Defense Time % Phy DF OF
1 Noah Welch Sean Zimmerman 60 1 2 2
2 Rostislav Klesla Jason Strudwick 40 1 2 2
Last Minutes Offensive
Center Left Wing Right Wing Defense Defense
Rich Peverley Curtis Glencross Brian McGrattan Rostislav Klesla Kevin Shattenkirk
Last Minutes Defensive
Center Left Wing Right Wing Defense Defense
Michael Nylander P.J. Axelsson Brian McGrattan Jason Strudwick Sean Zimmerman
Goaltenders
Starting : Manny Legace
Backup : Jeff Deslauriers
Extra Forwards
Normal : Brian McGrattan, John Madden, Jesse Winchester - PP : Jesse Winchester, John Madden - PK : Steve Downie
Extra Defensemen
Normal : Kevin Shattenkirk, Nate Prosser, Sean Zimmerman - PP : Noah Welch - PK : Nate Prosser, Kevin Shattenkirk
Penalty Shots
Michael Nylander, Curtis Glencross, Alexander Korolyuk, Brian McGrattan, Steve Downie
% Time on Ice - High Goats
Lines # - Real PCT - Wanted PCT - Time Play
Normal Forward
1 - 32% - 40% - 10:43
2 - 25% - 30% - 8:23
3 - 26% - 20% - 8:39
4 - 17% - 10% - 5:43
Normal Defense
1 - 38% - 40% - 12:50
2 - 28% - 30% - 9:25
3 - 23% - 20% - 7:45
4 - 10% - 10% - 3:28
PP Forward
1 - 52% - 60% - 5:09
2 - 48% - 40% - 4:46
PP Defense
1 - 56% - 60% - 5:34
2 - 44% - 40% - 4:21
PK Forward
1 - 67% - 60% - 9:47
2 - 33% - 40% - 4:51
PK Defense
1 - 58% - 60% - 8:26
2 - 42% - 40% - 6:12
PK3 Forward
1 - 0% - 60%
2 - 0% - 40%
PK3 Defense
1 - 0% - 60%
2 - 0% - 40%
44 Forward
1 - 73% - 60% - 5:07
2 - 27% - 40% - 1:52
44 Defense
1 - 64% - 60% - 4:29
2 - 36% - 40% - 2:30
Last Minute Offensive - 0:00
Last Minute Defensive - 0:00
Total
Forward - 65:00
Defense - 65:00
|
% Time on Ice - Princes
Lines # - Real PCT - Wanted PCT - Time Play
Normal Forward
1 - 36% - 45% - 11:58
2 - 22% - 30% - 7:27
3 - 27% - 20% - 9:01
4 - 15% - 5% - 5:02
Normal Defense
1 - 51% - 45% - 17:13
2 - 31% - 30% - 10:27
3 - 17% - 20% - 5:48
4 - 0% - 5% - 0:00
PP Forward
1 - 59% - 60% - 8:34
2 - 41% - 40% - 6:04
PP Defense
1 - 61% - 60% - 8:54
2 - 39% - 40% - 5:44
PK Forward
1 - 69% - 60% - 6:52
2 - 31% - 40% - 3:03
PK Defense
1 - 60% - 60% - 5:57
2 - 40% - 40% - 3:58
PK3 Forward
1 - 0% - 60%
2 - 0% - 40%
PK3 Defense
1 - 0% - 60%
2 - 0% - 40%
44 Forward
1 - 69% - 60% - 4:48
2 - 31% - 40% - 2:11
44 Defense
1 - 62% - 60% - 4:20
2 - 38% - 40% - 2:39
Last Minute Offensive - 0:00
Last Minute Defensive - 0:00
Total
Forward - 65:00
Defense - 65:00
|
Play by Play
1st period
0:01 of 1st period - Gilbert Brule wins face-off versus Rich Peverley in neutral zone.
0:38 of 1st period - Snap shot by Alexander Korolyuk.
0:38 of 1st period - Stopped by Jean-Sébastien Aubin without a rebound.
0:39 of 1st period - Nick Bonino wins face-off versus Jesse Winchester in High Goats zone.
0:46 of 1st period - Slapshot by Jesse Winchester.
0:46 of 1st period - Stopped by Jean-Sébastien Aubin without a rebound.
0:47 of 1st period - Jesse Winchester wins face-off versus Nick Bonino in High Goats zone.
0:58 of 1st period - Snap shot by P.J. Axelsson.
0:58 of 1st period - Shot Misses the Net.
1:59 of 1st period - Wrist shot by John Madden.
1:59 of 1st period - Stopped by Jean-Sébastien Aubin without a rebound.
2:00 of 1st period - Rich Peverley wins face-off versus Joël Perrault in High Goats zone.
2:03 of 1st period - Wrist shot by Rich Peverley.
2:03 of 1st period - Deflect By Frederic St-Denis.
2:03 of 1st period - Stopped by Jean-Sébastien Aubin without a rebound.
2:04 of 1st period - Rich Peverley wins face-off versus Joël Perrault in High Goats zone.
2:11 of 1st period - Wrist shot by Curtis Glencross.
2:11 of 1st period - Stopped by Jean-Sébastien Aubin without a rebound.
2:12 of 1st period - Rich Peverley wins face-off versus Craig Weller in High Goats zone.
2:13 of 1st period - Snap shot by Brian McGrattan.
2:13 of 1st period - Stopped by Jean-Sébastien Aubin with a rebound.
2:15 of 1st period - Slapshot by Nate Prosser.
2:15 of 1st period - Stopped by Jean-Sébastien Aubin with a rebound.
2:17 of 1st period - Snap shot by Noah Welch.
2:17 of 1st period - Shot Blocked by Sami Lepisto.
2:19 of 1st period - Wrist shot by Rich Peverley.
2:19 of 1st period - Shot Blocked by Lukas Krajicek.
2:21 of 1st period - Snap shot by Brian McGrattan.
2:21 of 1st period - Shot Blocked by Lukas Krajicek.
2:24 of 1st period - Minor Penalty to Gilbert Brule for Hooking.
2:25 of 1st period - David Laliberté wins face-off versus Steve Downie in High Goats zone.
2:34 of 1st period - Snap shot by Curtis Glencross.
2:34 of 1st period - Stopped by Jean-Sébastien Aubin without a rebound.
2:35 of 1st period - Craig Weller wins face-off versus Rich Peverley in High Goats zone.
2:35 of 1st period - Craig Weller is hit by Curtis Glencross.
2:55 of 1st period - Wrist shot by Rich Peverley.
2:55 of 1st period - Shot Misses the Net.
2:57 of 1st period - Snap shot by Kevin Shattenkirk.
2:57 of 1st period - Shot Misses the Net.
2:59 of 1st period - Snap shot by Curtis Glencross.
2:59 of 1st period - Shot Misses the Net.
3:01 of 1st period - Wrist shot by Rostislav Klesla.
3:01 of 1st period - Stopped by Jean-Sébastien Aubin with a rebound.
3:23 of 1st period - John Erskine is hit by Rostislav Klesla and loses puck.
3:34 of 1st period - Snap shot by Curtis Glencross.
3:34 of 1st period - Stopped by Jean-Sébastien Aubin with a rebound.
3:36 of 1st period - Wrist shot by Steve Downie.
3:36 of 1st period - Shot Blocked by Craig Weller.
3:38 of 1st period - Snap shot by Rich Peverley.
3:38 of 1st period - Stopped by Jean-Sébastien Aubin with a rebound.
4:02 of 1st period - Snap shot by Steve Downie.
4:02 of 1st period - Shot Misses the Net.
4:04 of 1st period - Slapshot by Kevin Shattenkirk.
4:04 of 1st period - Stopped by Jean-Sébastien Aubin without a rebound.
4:05 of 1st period - Chris Stewart wins face-off versus Michael Nylander in High Goats zone.
4:18 of 1st period - Chris Stewart is hit by Brian McGrattan and loses puck.
4:24 of 1st period - Penalty to Gilbert Brule is over, Gilbert Brule is back on ice.
4:36 of 1st period - Snap shot by Chris Stewart.
4:36 of 1st period - Shot Misses the Net.
4:38 of 1st period - Snap shot by Gilbert Brule.
4:38 of 1st period - Stopped by Manny Legace with a rebound.
4:40 of 1st period - Wrist shot by Brad Larsen.
4:40 of 1st period - Shot Misses the Net.
4:42 of 1st period - Snap shot by Gilbert Brule.
4:42 of 1st period - Goal by Gilbert Brule - High Goats : 1 - Princes : 0.
4:43 of 1st period - Nick Bonino wins face-off versus Jesse Winchester in neutral zone.
4:50 of 1st period - Snap shot by Lukas Krajicek.
4:50 of 1st period - Stopped by Manny Legace with a rebound.
4:52 of 1st period - Slapshot by Sami Lepisto.
4:52 of 1st period - Shot Misses the Net.
4:54 of 1st period - Slapshot by Lukas Krajicek.
4:54 of 1st period - Stopped by Manny Legace without a rebound.
4:54 of 1st period - Minor Penalty to Nate Prosser for Cross-checking.
4:55 of 1st period - Gilbert Brule wins face-off versus Michael Nylander in Princes zone.
5:33 of 1st period - Snap shot by Michael Nylander.
5:33 of 1st period - Stopped by Jean-Sébastien Aubin with a rebound.
5:45 of 1st period - Wrist shot by Gilbert Brule.
5:45 of 1st period - Shot Hit the Post.
6:02 of 1st period - Icing by Anton Stralman.
6:03 of 1st period - Joël Perrault wins face-off versus Steve Downie in High Goats zone.
6:03 of 1st period - Joël Perrault is hit by Steve Downie.
6:32 of 1st period - Snap shot by John Madden.
6:32 of 1st period - Stopped by Jean-Sébastien Aubin with a rebound.
6:54 of 1st period - Penalty to Nate Prosser is over, Nate Prosser is back on ice.
7:18 of 1st period - Slapshot by Lukas Krajicek.
7:18 of 1st period - Stopped by Manny Legace without a rebound.
7:19 of 1st period - Petteri Wirtanen wins face-off versus Jesse Winchester in Princes zone.
7:45 of 1st period - Noah Welch is hit by John Erskine and loses puck.
8:36 of 1st period - Icing by Jesse Winchester.
8:37 of 1st period - Gilbert Brule wins face-off versus Jesse Winchester in Princes zone.
8:42 of 1st period - Backhand shot by Gilbert Brule.
8:42 of 1st period - Stopped by Manny Legace without a rebound.
8:43 of 1st period - Rich Peverley wins face-off versus Craig Weller in Princes zone.
8:47 of 1st period - Off-side.
8:48 of 1st period - Rich Peverley wins face-off versus Gilbert Brule in neutral zone.
9:34 of 1st period - Slapshot by Chris Stewart.
9:34 of 1st period - Shot Misses the Net.
9:36 of 1st period - Snap shot by Nick Bonino.
9:36 of 1st period - Stopped by Manny Legace without a rebound.
9:37 of 1st period - Rich Peverley wins face-off versus Nick Bonino in Princes zone.
9:37 of 1st period - Minor Penalty to Nick Bonino for Slashing.
9:38 of 1st period - Gilbert Brule wins face-off versus Rich Peverley in High Goats zone.
9:38 of 1st period - Gilbert Brule is hit by Steve Downie.
9:46 of 1st period - Slapshot by Craig Weller.
9:46 of 1st period - Goal by Craig Weller - High Goats : 2 - Princes : 0.
9:47 of 1st period - Rich Peverley wins face-off versus Gilbert Brule in neutral zone.
10:02 of 1st period - Snap shot by Steve Downie.
10:02 of 1st period - Stopped by Jean-Sébastien Aubin with a rebound.
10:20 of 1st period - Snap shot by Alexander Korolyuk.
10:20 of 1st period - Goal by Alexander Korolyuk - High Goats : 2 - Princes : 1.
10:21 of 1st period - Gilbert Brule wins face-off versus Rich Peverley in neutral zone.
10:48 of 1st period - Noah Welch is hit by Lukas Krajicek and loses puck.
11:31 of 1st period - Slapshot by Rich Peverley.
11:31 of 1st period - Shot Misses the Net.
11:47 of 1st period - Off-side.
11:48 of 1st period - Gilbert Brule wins face-off versus John Madden in neutral zone.
12:03 of 1st period - Sami Lepisto is hit by Rostislav Klesla and loses puck.
12:33 of 1st period - Anton Stralman is hit by Kevin Shattenkirk and loses puck.
12:38 of 1st period - Wrist shot by Alexander Korolyuk.
12:38 of 1st period - Shot Misses the Net.
12:40 of 1st period - Snap shot by Michael Nylander.
12:40 of 1st period - Shot Misses the Net.
12:42 of 1st period - Snap shot by Steve Downie.
12:42 of 1st period - Deflect By Alexander Korolyuk.
12:42 of 1st period - Stopped by Jean-Sébastien Aubin with a rebound.
12:54 of 1st period - Jason Ryznar is hit by Jesse Winchester and loses puck.
13:21 of 1st period - Wrist shot by Rich Peverley.
13:21 of 1st period - Shot Misses the Net.
13:23 of 1st period - Slapshot by Brian McGrattan.
13:23 of 1st period - Shot Blocked by Brad Larsen.
13:37 of 1st period - Wrist shot by Steve Downie.
13:37 of 1st period - Shot Misses the Net.
13:39 of 1st period - Snap shot by Rostislav Klesla.
13:39 of 1st period - Deflect By Jiri Tlusty.
13:39 of 1st period - Stopped by Jean-Sébastien Aubin without a rebound.
13:40 of 1st period - Rich Peverley wins face-off versus Nick Bonino in High Goats zone.
13:41 of 1st period - Wrist shot by Curtis Glencross.
13:41 of 1st period - Shot Blocked by Lukas Krajicek.
13:43 of 1st period - Snap shot by Noah Welch.
13:43 of 1st period - Stopped by Jean-Sébastien Aubin with a rebound.
13:45 of 1st period - Wrist shot by Brian McGrattan.
13:45 of 1st period - Stopped by Jean-Sébastien Aubin without a rebound.
13:45 of 1st period - Minor Penalty to Nick Bonino for Diving.
13:46 of 1st period - Rich Peverley wins face-off versus Gilbert Brule in High Goats zone.
13:57 of 1st period - Backhand shot by Rich Peverley.
13:57 of 1st period - Shot Blocked by Sami Lepisto.
13:59 of 1st period - Wrist shot by Rich Peverley.
13:59 of 1st period - Shot Misses the Net.
14:01 of 1st period - Snap shot by Rostislav Klesla.
14:01 of 1st period - Stopped by Jean-Sébastien Aubin without a rebound.
14:02 of 1st period - Michael Nylander wins face-off versus Craig Weller in High Goats zone.
15:45 of 1st period - Penalty to Nick Bonino is over, Nick Bonino is back on ice.
17:57 of 1st period - Chris Stewart is hit by Jesse Winchester and loses puck.
18:12 of 1st period - Noah Welch is hit by Frederic St-Denis and loses puck.
18:33 of 1st period - Snap shot by Jiri Tlusty.
18:33 of 1st period - Stopped by Manny Legace with a rebound.
19:45 of 1st period - Minor Penalty to Alexander Korolyuk for Holding.
19:45 of 1st period - Minor Penalty to Jiri Tlusty for Tripping.
19:46 of 1st period - Gilbert Brule wins face-off versus Michael Nylander in Princes zone.
2nd period
0:01 of 2nd period - Michael Nylander wins face-off versus Gilbert Brule in neutral zone.
0:04 of 2nd period - Slapshot by Noah Welch.
0:04 of 2nd period - Stopped by Jean-Sébastien Aubin with a rebound.
0:09 of 2nd period - Off-side.
0:10 of 2nd period - Michael Nylander wins face-off versus Gilbert Brule in neutral zone.
0:13 of 2nd period - Wrist shot by Michael Nylander.
0:13 of 2nd period - Stopped by Jean-Sébastien Aubin with a rebound.
0:31 of 2nd period - Snap shot by Craig Weller.
0:31 of 2nd period - Shot Blocked by Sean Zimmerman.
0:33 of 2nd period - Slapshot by Lukas Krajicek.
0:33 of 2nd period - Stopped by Manny Legace without a rebound.
0:34 of 2nd period - Michael Nylander wins face-off versus Gilbert Brule in Princes zone.
1:43 of 2nd period - Snap shot by Brendon Segal.
1:43 of 2nd period - Shot Misses the Net.
1:45 of 2nd period - Penalty to Alexander Korolyuk is over, Alexander Korolyuk is back on ice.
1:45 of 2nd period - Penalty to Jiri Tlusty is over, Jiri Tlusty is back on ice.
1:45 of 2nd period - Snap shot by Brendon Segal.
1:45 of 2nd period - Stopped by Manny Legace without a rebound.
1:46 of 2nd period - Rich Peverley wins face-off versus Joël Perrault in Princes zone.
1:46 of 2nd period - Rich Peverley is hit by Mason Raymond.
1:49 of 2nd period - Minor Penalty to Arturs Kulda for Holding.
1:50 of 2nd period - Rich Peverley wins face-off versus Gilbert Brule in High Goats zone.
2:59 of 2nd period - John Erskine is hit by Curtis Glencross and loses puck.
3:49 of 2nd period - Penalty to Arturs Kulda is over, Arturs Kulda is back on ice.
4:01 of 2nd period - Joël Perrault is hit by Jesse Winchester and loses puck.
4:18 of 2nd period - Backhand shot by Jason Ryznar.
4:18 of 2nd period - Shot Misses the Net.
4:24 of 2nd period - Nick Bonino is hit by Michael Haley and loses puck.
4:50 of 2nd period - Minor Penalty to Anton Stralman for Roughing.
4:51 of 2nd period - Rich Peverley wins face-off versus Gilbert Brule in High Goats zone.
5:28 of 2nd period - Slapshot by Sean Zimmerman.
5:28 of 2nd period - Shot Misses the Net.
6:50 of 2nd period - Penalty to Anton Stralman is over, Anton Stralman is back on ice.
6:50 of 2nd period - Gilbert Brule is hit by Jesse Winchester and loses puck.
7:03 of 2nd period - Slapshot by P.J. Axelsson.
7:03 of 2nd period - Shot Blocked by Mason Raymond.
7:18 of 2nd period - Off-side.
7:19 of 2nd period - Nick Bonino wins face-off versus John Madden in neutral zone.
7:22 of 2nd period - Rostislav Klesla is hit by Nick Bonino.
8:53 of 2nd period - Snap shot by John Madden.
8:53 of 2nd period - Goal by John Madden - High Goats : 2 - Princes : 2.
8:54 of 2nd period - Craig Weller wins face-off versus Rich Peverley in neutral zone.
9:18 of 2nd period - Minor Penalty to Steve Downie for Roughing.
9:19 of 2nd period - Michael Nylander wins face-off versus Gilbert Brule in Princes zone.
9:44 of 2nd period - Michael Nylander is hit by Mason Raymond.
11:18 of 2nd period - Penalty to Steve Downie is over, Steve Downie is back on ice.
11:29 of 2nd period - Wrist shot by David Laliberté.
11:29 of 2nd period - Shot Misses the Net.
11:31 of 2nd period - Wrist shot by David Laliberté.
11:31 of 2nd period - Shot Misses the Net.
11:33 of 2nd period - Snap shot by Gord Baldwin.
11:33 of 2nd period - Stopped by Manny Legace without a rebound.
11:34 of 2nd period - Nick Bonino wins face-off versus Rich Peverley in Princes zone.
12:11 of 2nd period - David Laliberté is hit by Jesse Winchester and loses puck.
12:26 of 2nd period - Wrist shot by Lukas Krajicek.
12:26 of 2nd period - Shot Blocked by Kevin Shattenkirk.
12:28 of 2nd period - Slapshot by Lukas Krajicek.
12:28 of 2nd period - Stopped by Manny Legace with a rebound.
12:30 of 2nd period - Snap shot by Petteri Wirtanen.
12:30 of 2nd period - Shot Misses the Net.
12:32 of 2nd period - Snap shot by Sami Lepisto.
12:32 of 2nd period - Stopped by Manny Legace with a rebound.
12:34 of 2nd period - Wrist shot by David Laliberté.
12:34 of 2nd period - Stopped by Manny Legace without a rebound.
12:35 of 2nd period - Michael Nylander wins face-off versus Gilbert Brule in Princes zone.
12:35 of 2nd period - Michael Nylander is hit by Craig Weller.
12:54 of 2nd period - Minor Penalty to Anton Stralman for High sticking.
12:55 of 2nd period - Rich Peverley wins face-off versus Gilbert Brule in High Goats zone.
13:14 of 2nd period - Lukas Krajicek is hit by Steve Downie and loses puck.
14:35 of 2nd period - Lukas Krajicek is hit by Nate Prosser.
14:54 of 2nd period - Penalty to Anton Stralman is over, Anton Stralman is back on ice.
15:00 of 2nd period - David Laliberté is hit by Chris Thorburn.
15:06 of 2nd period - Slapshot by Noah Welch.
15:06 of 2nd period - Shot Misses the Net.
15:42 of 2nd period - Minor Penalty to Brian McGrattan for Holding.
15:43 of 2nd period - Michael Nylander wins face-off versus Gilbert Brule in Princes zone.
15:43 of 2nd period - Michael Nylander is hit by Craig Weller.
15:57 of 2nd period - Snap shot by Brad Larsen.
15:57 of 2nd period - Shot Misses the Net.
16:13 of 2nd period - Snap shot by Anton Stralman.
16:13 of 2nd period - Stopped by Manny Legace with a rebound.
16:15 of 2nd period - Slapshot by John Erskine.
16:15 of 2nd period - Stopped by Manny Legace without a rebound.
16:16 of 2nd period - John Madden wins face-off versus Joël Perrault in Princes zone.
16:53 of 2nd period - Wrist shot by P.J. Axelsson.
16:53 of 2nd period - Stopped by Jean-Sébastien Aubin without a rebound.
16:54 of 2nd period - Michael Nylander wins face-off versus Mason Raymond in High Goats zone.
17:21 of 2nd period - Noah Welch is hit by Brad Larsen and loses puck.
17:42 of 2nd period - Penalty to Brian McGrattan is over, Brian McGrattan is back on ice.
17:42 of 2nd period - Curtis Glencross is hit by John Erskine and loses puck.
18:03 of 2nd period - Snap shot by Michael Nylander.
18:03 of 2nd period - Shot Blocked by John Erskine.
18:07 of 2nd period - Snap shot by Curtis Glencross.
18:07 of 2nd period - Stopped by Jean-Sébastien Aubin without a rebound.
18:08 of 2nd period - Jesse Winchester wins face-off versus Gilbert Brule in High Goats zone.
18:33 of 2nd period - Noah Welch is hit by Chris Stewart and loses puck.
18:44 of 2nd period - Wrist shot by Chris Stewart.
18:44 of 2nd period - Shot Blocked by Noah Welch.
18:46 of 2nd period - Snap shot by Mason Raymond.
18:46 of 2nd period - Stopped by Manny Legace without a rebound.
18:47 of 2nd period - Brad Larsen wins face-off versus Jesse Winchester in Princes zone.
18:50 of 2nd period - Wrist shot by Gilbert Brule.
18:50 of 2nd period - Stopped by Manny Legace without a rebound.
18:51 of 2nd period - Jesse Winchester wins face-off versus Craig Weller in Princes zone.
18:51 of 2nd period - Jesse Winchester is hit by Anton Stralman.
18:58 of 2nd period - Minor Penalty to John Erskine for Interference.
18:59 of 2nd period - Rich Peverley wins face-off versus Craig Weller in High Goats zone.
19:00 of 2nd period - Snap shot by Steve Downie.
19:00 of 2nd period - Goal by Steve Downie - High Goats : 2 - Princes : 3.
19:01 of 2nd period - Gilbert Brule wins face-off versus Rich Peverley in neutral zone.
19:26 of 2nd period - Curtis Glencross is hit by Sami Lepisto and loses puck.
19:57 of 2nd period - Slapshot by Jiri Tlusty.
19:57 of 2nd period - Goal by Jiri Tlusty - High Goats : 3 - Princes : 3.
19:58 of 2nd period - Gilbert Brule wins face-off versus Michael Nylander in neutral zone.
3rd period
0:01 of 3rd period - Gilbert Brule wins face-off versus Rich Peverley in neutral zone.
0:04 of 3rd period - Snap shot by Gilbert Brule.
0:04 of 3rd period - Shot Misses the Net.
0:10 of 3rd period - Lukas Krajicek is hit by Rich Peverley and loses puck.
0:25 of 3rd period - Craig Weller is hit by Chris Thorburn and loses puck.
0:55 of 3rd period - Icing by Joël Perrault.
0:56 of 3rd period - Rich Peverley wins face-off versus Joël Perrault in High Goats zone.
0:59 of 3rd period - Snap shot by Rich Peverley.
0:59 of 3rd period - Stopped by Jean-Sébastien Aubin without a rebound.
1:00 of 3rd period - Rich Peverley wins face-off versus Joël Perrault in High Goats zone.
1:01 of 3rd period - Backhand shot by Curtis Glencross.
1:01 of 3rd period - Stopped by Jean-Sébastien Aubin without a rebound.
1:02 of 3rd period - Rich Peverley wins face-off versus Chris Stewart in High Goats zone.
1:03 of 3rd period - Wrist shot by Curtis Glencross.
1:03 of 3rd period - Shot Misses the Net.
1:05 of 3rd period - Slapshot by Brian McGrattan.
1:05 of 3rd period - Deflect By Rich Peverley.
1:05 of 3rd period - Stopped by Jean-Sébastien Aubin with a rebound.
1:07 of 3rd period - Slapshot by Nate Prosser.
1:07 of 3rd period - Deflect By Chris Stewart.
1:07 of 3rd period - Stopped by Jean-Sébastien Aubin without a rebound.
1:08 of 3rd period - Rich Peverley wins face-off versus Joël Perrault in High Goats zone.
1:19 of 3rd period - Slapshot by John Erskine.
1:19 of 3rd period - Deflect By Chris Stewart.
1:19 of 3rd period - Stopped by Manny Legace without a rebound.
1:20 of 3rd period - Rich Peverley wins face-off versus Gilbert Brule in Princes zone.
2:26 of 3rd period - Matt Taormina is hit by Curtis Glencross.
3:19 of 3rd period - Snap shot by Mason Raymond.
3:19 of 3rd period - Goal by Mason Raymond - High Goats : 4 - Princes : 3.
3:20 of 3rd period - Rich Peverley wins face-off versus Gilbert Brule in neutral zone.
3:23 of 3rd period - Sami Lepisto is hit by Nate Prosser and loses puck.
3:48 of 3rd period - Icing by Mason Raymond.
3:49 of 3rd period - Joël Perrault wins face-off versus Michael Nylander in High Goats zone.
4:02 of 3rd period - Slapshot by Alexander Korolyuk.
4:02 of 3rd period - Deflect By Joël Perrault.
4:02 of 3rd period - Goal by Alexander Korolyuk - High Goats : 4 - Princes : 4.
4:03 of 3rd period - Gilbert Brule wins face-off versus Rich Peverley in neutral zone.
4:29 of 3rd period - Minor Penalty to Anton Stralman for Hooking.
4:30 of 3rd period - Steve Downie wins face-off versus Gilbert Brule in High Goats zone.
4:33 of 3rd period - Slapshot by Kevin Shattenkirk.
4:33 of 3rd period - Shot Misses the Net.
5:06 of 3rd period - Lukas Krajicek is hit by Michael Nylander and loses puck.
5:48 of 3rd period - Wrist shot by Alexander Korolyuk.
5:48 of 3rd period - Stopped by Jean-Sébastien Aubin with a rebound.
5:50 of 3rd period - Slapshot by Rostislav Klesla.
5:50 of 3rd period - Stopped by Jean-Sébastien Aubin with a rebound.
5:56 of 3rd period - Snap shot by Michael Nylander.
5:56 of 3rd period - Deflect By Craig Weller.
5:56 of 3rd period - Shot Misses the Net.
5:56 of 3rd period - Puck is out of play.
5:57 of 3rd period - Chris Stewart wins face-off versus Rich Peverley in High Goats zone.
6:29 of 3rd period - Penalty to Anton Stralman is over, Anton Stralman is back on ice.
6:57 of 3rd period - Icing by Joël Perrault.
6:58 of 3rd period - John Madden wins face-off versus Joël Perrault in High Goats zone.
7:00 of 3rd period - Minor Penalty to Michael Haley for Hooking.
7:01 of 3rd period - Gilbert Brule wins face-off versus Michael Nylander in Princes zone.
7:02 of 3rd period - Wrist shot by Craig Weller.
7:02 of 3rd period - Shot Blocked by Noah Welch.
7:04 of 3rd period - Slapshot by Sami Lepisto.
7:04 of 3rd period - Shot Blocked by Noah Welch.
7:10 of 3rd period - Snap shot by Gilbert Brule.
7:10 of 3rd period - Shot Misses the Net.
7:12 of 3rd period - Snap shot by Brad Larsen.
7:12 of 3rd period - Deflect By Noah Welch.
7:12 of 3rd period - Shot Misses the Net.
7:12 of 3rd period - Puck is out of play.
7:13 of 3rd period - Gilbert Brule wins face-off versus Michael Nylander in Princes zone.
7:18 of 3rd period - Slapshot by Sami Lepisto.
7:18 of 3rd period - Shot Misses the Net.
7:20 of 3rd period - Slapshot by Gilbert Brule.
7:20 of 3rd period - Shot Misses the Net.
7:38 of 3rd period - Sean Zimmerman is hit by Joël Perrault.
7:48 of 3rd period - Slapshot by Sami Lepisto.
7:48 of 3rd period - Shot Misses the Net.
8:34 of 3rd period - John Erskine is hit by Alexander Korolyuk and loses puck.
9:00 of 3rd period - Penalty to Michael Haley is over, Michael Haley is back on ice.
9:19 of 3rd period - Wrist shot by Petteri Wirtanen.
9:19 of 3rd period - Stopped by Manny Legace with a rebound.
9:30 of 3rd period - Minor Penalty to Jesse Winchester for Holding.
9:31 of 3rd period - Michael Nylander wins face-off versus Joël Perrault in Princes zone.
9:56 of 3rd period - P.J. Axelsson is hit by Craig Weller and loses puck.
11:30 of 3rd period - Penalty to Jesse Winchester is over, Jesse Winchester is back on ice.
12:04 of 3rd period - Wrist shot by Nick Bonino.
12:04 of 3rd period - Deflect By Brendon Segal.
12:04 of 3rd period - Shot Misses the Net.
12:04 of 3rd period - Puck is out of play.
12:05 of 3rd period - Rich Peverley wins face-off versus Petteri Wirtanen in Princes zone.
12:05 of 3rd period - Rich Peverley is hit by Petteri Wirtanen.
12:11 of 3rd period - Snap shot by David Laliberté.
12:11 of 3rd period - Stopped by Manny Legace with a rebound.
12:13 of 3rd period - Wrist shot by Petteri Wirtanen.
12:13 of 3rd period - Shot Misses the Net.
12:31 of 3rd period - Brendon Segal is hit by Nate Prosser and loses puck.
12:40 of 3rd period - Backhand shot by Jason Ryznar.
12:40 of 3rd period - Shot Misses the Net.
13:51 of 3rd period - Snap shot by Brendon Segal.
13:51 of 3rd period - Shot Blocked by Rich Peverley.
14:01 of 3rd period - Snap shot by Brendon Segal.
14:01 of 3rd period - Shot Blocked by Kevin Shattenkirk.
14:21 of 3rd period - Icing by Gilbert Brule.
14:22 of 3rd period - Michael Haley wins face-off versus Gilbert Brule in High Goats zone.
14:27 of 3rd period - Wrist shot by John Madden.
14:27 of 3rd period - Shot Misses the Net.
14:29 of 3rd period - Snap shot by Rich Peverley.
14:29 of 3rd period - Shot Misses the Net.
14:31 of 3rd period - Wrist shot by Rich Peverley.
14:31 of 3rd period - Shot Blocked by Craig Weller.
14:38 of 3rd period - Off-side.
14:39 of 3rd period - Joël Perrault wins face-off versus Michael Nylander in neutral zone.
14:46 of 3rd period - Snap shot by Chris Stewart.
14:46 of 3rd period - Stopped by Manny Legace with a rebound.
15:08 of 3rd period - Off-side.
15:09 of 3rd period - Nick Bonino wins face-off versus Rich Peverley in neutral zone.
15:19 of 3rd period - Off-side.
15:20 of 3rd period - Nick Bonino wins face-off versus Curtis Glencross in neutral zone.
15:29 of 3rd period - Snap shot by Rich Peverley.
15:29 of 3rd period - Stopped by Jean-Sébastien Aubin with a rebound.
15:55 of 3rd period - Off-side.
15:56 of 3rd period - Rich Peverley wins face-off versus Nick Bonino in neutral zone.
15:58 of 3rd period - Off-side.
15:59 of 3rd period - Nick Bonino wins face-off versus Rich Peverley in neutral zone.
16:03 of 3rd period - Minor Penalty to Nick Bonino for High sticking.
16:04 of 3rd period - Rich Peverley wins face-off versus Gilbert Brule in High Goats zone.
16:05 of 3rd period - Snap shot by Steve Downie.
16:05 of 3rd period - Deflect By Curtis Glencross.
16:05 of 3rd period - Stopped by Jean-Sébastien Aubin without a rebound.
16:06 of 3rd period - Gilbert Brule wins face-off versus Rich Peverley in High Goats zone.
16:39 of 3rd period - Snap shot by Brian McGrattan.
16:39 of 3rd period - Stopped by Jean-Sébastien Aubin with a rebound.
18:03 of 3rd period - Penalty to Nick Bonino is over, Nick Bonino is back on ice.
18:10 of 3rd period - Snap shot by Chris Stewart.
18:10 of 3rd period - Stopped by Manny Legace with a rebound.
18:18 of 3rd period - Joël Perrault is hit by P.J. Axelsson and loses puck.
18:31 of 3rd period - Jason Ryznar is hit by Noah Welch and loses puck.
Overtime #1
0:01 of 1st overtime period - Gilbert Brule wins face-off versus Michael Nylander in neutral zone.
0:05 of 1st overtime period - Snap shot by Sami Lepisto.
0:05 of 1st overtime period - Shot Blocked by Sean Zimmerman.
0:11 of 1st overtime period - Slapshot by Gilbert Brule.
0:11 of 1st overtime period - Shot Misses the Net.
0:13 of 1st overtime period - Snap shot by Craig Weller.
0:13 of 1st overtime period - Stopped by Manny Legace with a rebound.
0:15 of 1st overtime period - Slapshot by Lukas Krajicek.
0:15 of 1st overtime period - Shot Blocked by Steve Downie.
0:48 of 1st overtime period - Slapshot by Anton Stralman.
0:48 of 1st overtime period - Stopped by Manny Legace without a rebound.
0:49 of 1st overtime period - Michael Nylander wins face-off versus Gilbert Brule in Princes zone.
1:14 of 1st overtime period - Curtis Glencross is hit by Sami Lepisto.
1:24 of 1st overtime period - Slapshot by Curtis Glencross.
1:24 of 1st overtime period - Shot Blocked by Lukas Krajicek.
2:17 of 1st overtime period - Rich Peverley is hit by Sami Lepisto and loses puck.
2:22 of 1st overtime period - Wrist shot by Chris Stewart.
2:22 of 1st overtime period - Stopped by Manny Legace without a rebound.
2:23 of 1st overtime period - Chris Stewart wins face-off versus Michael Nylander in Princes zone.
2:30 of 1st overtime period - Chris Stewart is hit by Sean Zimmerman and loses puck.
2:51 of 1st overtime period - Snap shot by Curtis Glencross.
2:51 of 1st overtime period - Stopped by Jean-Sébastien Aubin with a rebound.
3:19 of 1st overtime period - Snap shot by Jason Ryznar.
3:19 of 1st overtime period - Shot Blocked by Jason Strudwick.
3:21 of 1st overtime period - Snap shot by Anton Stralman.
3:21 of 1st overtime period - Shot Blocked by Jason Strudwick.
3:31 of 1st overtime period - Craig Weller is hit by Curtis Glencross and loses puck.
4:55 of 1st overtime period - Brian McGrattan is hit by Lukas Krajicek and loses puck.
ShootOut
5:00 of 1st overtime period - Penalty Shot by Gilbert Brule for High Goats.
5:00 of 1st overtime period - Snap shot by Gilbert Brule.
5:00 of 1st overtime period - Goal by Gilbert Brule.
5:00 of 1st overtime period - Penalty Shot by Michael Nylander for Princes.
5:00 of 1st overtime period - Wrist shot by Michael Nylander.
5:00 of 1st overtime period - Goal by Michael Nylander.
5:00 of 1st overtime period - Penalty Shot by Craig Weller for High Goats.
5:00 of 1st overtime period - Wrist shot by Craig Weller.
5:00 of 1st overtime period - Goal by Craig Weller.
5:00 of 1st overtime period - Penalty Shot by Curtis Glencross for Princes.
5:00 of 1st overtime period - Snap shot by Curtis Glencross.
5:00 of 1st overtime period - Goal by Curtis Glencross.
5:00 of 1st overtime period - Penalty Shot by Chris Stewart for High Goats.
5:00 of 1st overtime period - Deke by Chris Stewart.
5:00 of 1st overtime period - Stopped by Manny Legace.
5:00 of 1st overtime period - Penalty Shot by Alexander Korolyuk for Princes.
5:00 of 1st overtime period - Wrist shot by Alexander Korolyuk.
5:00 of 1st overtime period - Goal by Alexander Korolyuk.
Output by the SimonT Hockey Simulator (STHS) for François Prévost -- Original Page W3C XHTML 1.0 Valid